[Event "ICC tourney 1953 (60 10)"]
[Site "Internet Chess Club"]
[Date "2020.08.07"]
[Round "2"]
[White "mariiiaa04"]
[Black "Segev"]
[Result "0-1"]
[ICCResult "White resigns"]
[WhiteElo "2118"]
[BlackElo "2208"]
[Opening "Sicilian: Canal-Sokolsky (Nimzovich-Rossolimo, Moscow) attack"]
[ECO "B51"]
[NIC "SI.01"]
[Time "15:24:26"]
[TimeControl "3600+10"]

1. e4 c5 2. Nf3 d6 3. Bb5+ Nd7 4. Ba4 Nf6 5. O-O a6 6. c4 Nxe4 7. Re1 Nf6 8.
d4 e6 9. d5 e5 10. Nxe5 Be7 11. Nxd7 Nxd7 12. Qe2 b5 13. cxb5 Nb6 14. Bb3
Ra7 15. Bg5 h6 16. Bd2 O-O 17. bxa6 Bxa6 18. Qe4 Bg5 19. Bc2 g6 20. Bxg5
Qxg5 21. Nc3 Bc4 22. h4 Qf6 23. h5 Kg7 24. Re3 Qd4 25. hxg6 Qxe4 26. Bxe4
fxg6 27. Bf3 Nd7 28. Rae1 Ne5 29. b3 Bd3 30. Be2 Bf5 31. f4 Ng4 32. Bxg4
Bxg4 33. g3 g5 34. fxg5 hxg5 35. a4 Kg6 36. Nb5 Rh7 37. Re8 Rf6 38. R1e7 Rh3
39. Rg8+ Kf5 40. Kg2 Rfh6 41. Rf8+ Kg6 42. Rg8+ Kf5 43. Rf8+ Kg6 44. Re6+
Bxe6 45. dxe6 Rh2+ 46. Kf3 Rh7 47. Nxd6 Re7 48. Rg8+ Kh7 49. Re8 Rxe8 50.
Nxe8 Kg6 51. a5 Ra2 52. Nc7 Kf6 53. a6 Ke7 54. Ke4 Kd6 55. Nb5+ Kxe6 56. a7
Kd7 57. Kd5 Kc8 58. Kc6 Ra6+ 59. Kxc5 Kb7 60. Nd6+ Kxa7 61. b4 Ra3 62. Ne4
g4 63. b5 Re3 64. Kd4 Rb3 65. Ke5 Rf3 66. Kd4 Kb6 67. Kc4 Re3 68. Kd4 Rf3
69. Kc4 Ra3 70. Nc3 Ra1 71. Nd5+ Kb7 72. Nc3 Rg1 73. Ne4 Kb6 74. Kd4 Rf1 75.
Kc4 Rf3 76. Kd4 Kxb5 77. Kd5 Kb4 78. Kd4 Ka3 79. Ke5 Kb2 80. Nd2 Kc2 81. Ne4
Kd3 82. Nc5+ Ke3 83. Ne4 Ke2 84. Kd4 Rd3+ 85. Ke5 Kf3 86. Nc5 Re3+ 87. Kd4
Re8 88. Nd3 Rd8+ 89. Kc3 Kxg3 90. Kd2 Kh2 91. Ke2 Rxd3 92. Kxd3 g3
{White resigns}
0-1

[Event "ICC tourney 1953 (60 10)"]
[Site "Internet Chess Club"]
[Date "2020.08.07"]
[Round "3"]
[White "helavir"]
[Black "InfernoKing"]
[Result "1-0"]
[ICCResult "Black checkmated"]
[WhiteElo "2642"]
[BlackElo "2143"]
[Opening "Ruy Lopez: closed defense"]
[ECO "C84"]
[NIC "RL.13"]
[Time "18:31:44"]
[TimeControl "3600+10"]

1. e4 e5 2. Nf3 Nc6 3. Bb5 a6 4. Ba4 Nf6 5. O-O Be7 6. d3 d6 7. c3 O-O 8.
Nbd2 Nb8 9. d4 Nbd7 10. Re1 Re8 11. Bb3 Bf8 12. Ng5 Re7 13. Ndf3 h6 14. Nxf7
Rxf7 15. dxe5 Nh7 16. e6 Nc5 17. exf7+ Kh8 18. e5 Nxb3 19. axb3 Bg4 20. exd6
Qf6 21. Re8 Rd8 22. Rxd8 Qxd8 23. Ne5 Bf5 24. d7 Nf6 25. Ra4 Bd6 26. f8=Q+
Qxf8 27. d8=Q Qxd8 28. Nf7+ Kg8 29. Nxd8 b5 30. Rxa6 Kh7 31. Rxd6 cxd6 32.
Qxd6 Ne4 33. Qe5 Bg6 34. Ne6 Nd2 35. Qxg7# {Black checkmated} 1-0

[Event "ICC tourney 1953 (60 10)"]
[Site "Internet Chess Club"]
[Date "2020.08.07"]
[Round "3"]
[White "Plato"]
[Black "edmehu"]
[Result "1/2-1/2"]
[ICCResult "Game drawn by mutual agreement"]
[WhiteElo "2134"]
[BlackElo "2274"]
[Opening "Sicilian defense"]
[ECO "B30"]
[NIC "SI.31"]
[Time "18:31:22"]
[TimeControl "3600+10"]

1. e4 c5 2. Nf3 Nc6 3. c3 Nf6 4. e5 Nd5 5. d4 cxd4 6. cxd4 d6 7. Bc4 dxe5 8.
Nxe5 Nxe5 9. dxe5 e6 10. O-O Be7 11. Qg4 g6 12. Bh6 Qc7 13. Rc1 Qxe5 14.
Bb5+ Kd8 15. Nc3 Nxc3 16. Bg7 Qxg7 17. Rxc3 Bd6 18. Rd1 Ke7 19. Rxd6 Qe5 20.
Qb4 Kf6 {Game drawn by mutual agreement} 1/2-1/2

[Event "ICC tourney 1953 (60 10)"]
[Site "Internet Chess Club"]
[Date "2020.08.07"]
[Round "3"]
[White "YKQ"]
[Black "chessmagic22"]
[Result "1-0"]
[ICCResult "Black resigns"]
[WhiteElo "2544"]
[BlackElo "2224"]
[Opening "Dutch"]
[ECO "A80"]
[NIC "HD.12"]
[Time "18:31:09"]
[TimeControl "3600+10"]

1. d4 f5 2. Nc3 Nf6 3. Bg5 d5 4. Bxf6 exf6 5. e3 Be6 6. Nge2 g5 7. Ng3 Qd7
8. Bd3 Nc6 9. Qh5+ Bf7 10. Bxf5 Bxh5 11. Bxd7+ Kxd7 12. Nxh5 Ke6 13. g4 Bb4
14. Kd2 Rad8 15. a3 Bf8 16. f4 Be7 17. Rhf1 Rhg8 18. fxg5 fxg5 19. Rf5 Rdf8
20. Raf1 Rxf5 21. Rxf5 Na5 22. Nxd5 {Black resigns} 1-0

[Event "ICC tourney 1953 (60 10)"]
[Site "Internet Chess Club"]
[Date "2020.08.07"]
[Round "3"]
[White "Visam"]
[Black "ASharikov"]
[Result "1-0"]
[ICCResult "Black resigns"]
[WhiteElo "2625"]
[BlackElo "2202"]
[Opening "Bogo-Indian defense, Grünfeld variation"]
[ECO "E11"]
[NIC "QI.01"]
[Time "18:31:44"]
[TimeControl "3600+10"]

1. d4 Nf6 2. Nf3 e6 3. c4 Bb4+ 4. Nbd2 d6 5. a3 Bxd2+ 6. Qxd2 a5 7. b3 O-O
8. Qc2 Qe7 9. Bb2 d5 10. e3 c6 11. Bd3 Nbd7 12. O-O b6 13. cxd5 cxd5 14. a4
Rd8 15. Ba3 Qe8 16. Ne5 Nxe5 17. dxe5 Ne4 18. f3 Nc5 19. Bxh7+ Kh8 20. Bxc5
bxc5 21. Bd3 Rb8 22. Rab1 c4 23. bxc4 Rxb1 24. Rxb1 Bd7 25. cxd5 exd5 26.
Qc3 Rc8 27. Qd4 Kg8 28. Qxd5 {Black resigns} 1-0

[Event "ICC tourney 1953 (60 10)"]
[Site "Internet Chess Club"]
[Date "2020.08.07"]
[Round "3"]
[White "hydroblade"]
[Black "jsl1996"]
[Result "0-1"]
[ICCResult "White resigns"]
[WhiteElo "2093"]
[BlackElo "2613"]
[Opening "QGD: 4.Nf3"]
[ECO "D37"]
[NIC "QI.01"]
[Time "18:31:11"]
[TimeControl "3600+10"]

1. d4 Nf6 2. c4 e6 3. Nf3 d5 4. Nc3 dxc4 5. e4 Bb4 6. Bxc4 Nxe4 7. O-O Nf6
8. Qa4+ Nc6 9. Ne5 Rb8 10. Nxc6 bxc6 11. Qxa7 Bd7 12. Qa4 c5 13. Qd1 cxd4
14. Qxd4 O-O 15. Rd1 Bc6 16. Qh4 Qe7 17. Bg5 Ba5 18. Rd3 Rfd8 19. Rh3 Rxb2
20. Bxf6 Qxf6 21. Qxh7+ Kf8 22. Ne4 Bxe4 23. Qxe4 Rxf2 24. Rb1 Rf4 25. Qe2
Qd4+ 26. Kh1 Qxc4 {White resigns} 0-1

[Event "ICC tourney 1953 (60 10)"]
[Site "Internet Chess Club"]
[Date "2020.08.07"]
[Round "3"]
[White "ozmin"]
[Black "hollyelf"]
[Result "1-0"]
[ICCResult "Black resigns"]
[WhiteElo "2294"]
[BlackElo "2096"]
[Opening "English opening"]
[ECO "A22"]
[NIC "EO.10"]
[Time "18:30:52"]
[TimeControl "3600+10"]

1. c4 Nf6 2. Nc3 e5 3. e3 d5 4. cxd5 Nxd5 5. Nf3 Nc6 6. Bb5 Nxc3 7. bxc3 Bd6
8. d4 exd4 9. cxd4 Bb4+ 10. Bd2 Bxd2+ 11. Qxd2 Bd7 12. Rb1 a6 13. Bd3 Bc8
14. O-O O-O 15. Rfc1 Re8 16. Rc5 h6 17. Qc2 Qf6 18. Be4 Na7 19. Bxb7 Bxb7
20. Rxb7 c6 21. Rf5 Qg6 22. Ne5 Rxe5 23. dxe5 Rd8 24. Rbxf7 Kh7 25. Rxa7 Rd2
26. Qxd2 Qxf5 27. h3 {Black resigns} 1-0

[Event "ICC tourney 1953 (60 10)"]
[Site "Internet Chess Club"]
[Date "2020.08.07"]
[Round "3"]
[White "LW-PE"]
[Black "PawnGrubber21"]
[Result "1-0"]
[ICCResult "Black resigns"]
[WhiteElo "1598"]
[BlackElo "1677"]
[Opening "Sicilian: Najdorf, 6...e6"]
[ECO "B95"]
[NIC "SI.04"]
[Time "18:31:44"]
[TimeControl "3600+10"]

1. e4 c5 2. Nf3 d6 3. d4 cxd4 4. Nxd4 Nf6 5. Nc3 a6 6. Bg5 e6 7. Qd2 Nbd7 8.
O-O-O b5 9. Bxb5 axb5 10. Ndxb5 Be7 11. Nxd6+ Bxd6 12. Qxd6 Qe7 13. Qc7 h6
14. e5 hxg5 15. exf6 Nxf6 16. Qc6+ Nd7 17. Qxa8 O-O 18. Qa7 Qf6 19. Kb1 Ne5
20. Ne4 Qg6 21. Nd6 Bd7 22. Rhe1 f6 23. Rxe5 fxe5 24. Qxd7 Rxf2 25. Qc6 Qh5
26. Rc1 Qxh2 27. a4 Rxg2 28. a5 Rg1 29. Rxg1 Qxg1+ 30. Ka2 g4 31. Ne4 Qd4
32. Qxe6+ Kh8 33. Qxg4 Qa4+ 34. Kb1 Qxa5 35. Qc8+ Kh7 36. Qc3 Qd5 37. Qd3
Qa5 38. c3 Qb6 39. Kc2 Kh6 40. Qd6+ Qxd6 41. Nxd6 g5 42. b4 g4 43. Ne4 Kg6
44. b5 Kf5 45. Kd3 {Black resigns} 1-0

[Event "ICC tourney 1953 (60 10)"]
[Site "Internet Chess Club"]
[Date "2020.08.07"]
[Round "3"]
[White "Oligarkh"]
[Black "shianen"]
[Result "1-0"]
[ICCResult "Black resigns"]
[WhiteElo "2641"]
[BlackElo "2201"]
[Opening "QGD semi-Slav"]
[ECO "D43"]
[NIC "SL.03"]
[Time "18:31:03"]
[TimeControl "3600+10"]

1. d4 d5 2. c4 c6 3. Nf3 Nf6 4. Nc3 e6 5. cxd5 exd5 6. Bf4 Bf5 7. e3 Nbd7 8.
h3 Be7 9. g4 Bg6 10. Bd3 Qa5 11. Kf1 O-O 12. Bxg6 fxg6 13. Kg2 Bb4 14. Ne2
Ne4 15. h4 Bd6 16. Bxd6 Nxd6 17. Nf4 Rae8 18. h5 gxh5 19. Rxh5 g6 20. Rh3
Ne4 21. Qh1 Re7 22. g5 Rf5 23. Rh6 Nf8 24. Qh4 Qa4 25. Rh1 Qc2 26. Nxg6 Nxg6
27. Rxg6+ hxg6 28. Qh8+ Kf7 29. Rh7+ Ke6 30. Qc8+ Kd6 31. Qd8+ {Black
resigns} 1-0

[Event "ICC tourney 1953 (60 10)"]
[Site "Internet Chess Club"]
[Date "2020.08.07"]
[Round "3"]
[White "phoenix10q72"]
[Black "Qigongmaster"]
[Result "0-1"]
[ICCResult "White checkmated"]
[WhiteElo "2265"]
[BlackElo "2388"]
[Opening "Sicilian: Taimanov variation"]
[ECO "B48"]
[NIC "SI.40"]
[Time "18:30:54"]
[TimeControl "3600+10"]

1. e4 c5 2. Nf3 e6 3. d4 cxd4 4. Nxd4 Nc6 5. Nc3 Qc7 6. Be3 a6 7. Bd3 Nf6 8.
O-O Nxd4 9. Bxd4 e5 10. Be3 h6 11. a4 b6 12. Kh1 Bb7 13. f4 Bc5 14. Bxc5
Qxc5 15. fxe5 Qxe5 16. Rf5 Qe7 17. Qf3 d6 18. Re1 Nd7 19. Qf2 O-O 20. Nd5
Bxd5 21. exd5 Ne5 22. Qd4 Rfe8 23. Rff1 Qc7 24. c4 Rac8 25. b3 Qc5 26. Qxc5
bxc5 27. Bc2 Rc7 28. h3 Rce7 29. a5 g6 30. Rf6 Nd7 31. Rxe7 Nxf6 32. Ra7 Re2
33. Bd3 Re3 34. Bf1 Rxb3 35. Rxa6 Rb1 36. Kg1 Ne4 37. Rb6 Ra1 38. a6 Nd2 39.
Kf2 Nxf1 40. Ke2 Ng3+ 41. Kf3 Ra3+ 42. Kg4 f5+ 43. Kf4 g5# {White
checkmated} 0-1

[Event "ICC tourney 1953 (60 10)"]
[Site "Internet Chess Club"]
[Date "2020.08.07"]
[Round "3"]
[White "AlexW2007"]
[Black "FullStep"]
[Result "1/2-1/2"]
[ICCResult "Game drawn by repetition"]
[WhiteElo "2197"]
[BlackElo "2124"]
[Opening "Queen's pawn: Keres defense"]
[ECO "A40"]
[NIC "QO.17"]
[Time "18:30:56"]
[TimeControl "3600+10"]

1. d4 e6 2. c4 b6 3. Nf3 Bb7 4. Nc3 Bb4 5. Bf4 Bxc3+ 6. bxc3 f5 7. d5 Nf6 8.
dxe6 dxe6 9. Qb3 O-O 10. e3 Na6 11. Rd1 Qe7 12. Be2 Nc5 13. Qc2 Be4 14. Qb2
Rad8 15. O-O Bxf3 16. Bxf3 e5 17. Bg5 e4 18. Be2 h6 19. Bxf6 Qxf6 20. Rd4
Ne6 21. Rd5 c6 22. Rdd1 Rxd1 23. Rxd1 Rd8 24. Rxd8+ Qxd8 25. f3 Nc5 26. Qc2
Qd6 27. g3 Kf8 28. Kg2 Ke7 29. fxe4 fxe4 30. Bf1 Kd8 31. Be2 Kc7 32. Bf1 Qf6
33. Be2 Qd6 34. Bf1 Qf6 35. Be2 Qd6 36. Bf1 {Game drawn by repetition}
1/2-1/2

[Event "ICC tourney 1953 (60 10)"]
[Site "Internet Chess Club"]
[Date "2020.08.07"]
[Round "3"]
[White "Enamul"]
[Black "chessshrinker"]
[Result "1-0"]
[ICCResult "Black resigns"]
[WhiteElo "2494"]
[BlackElo "2203"]
[Opening "KP: Nimzovich defense"]
[ECO "B00"]
[NIC "VO.05"]
[Time "18:31:18"]
[TimeControl "3600+10"]

1. e4 Nc6 2. Nf3 d6 3. h3 f5 4. exf5 Bxf5 5. d4 Nb4 6. Na3 Qd7 7. c3 Nd5 8.
Be2 Ngf6 9. Qb3 c6 10. c4 Nb6 11. Nc2 h6 12. Ne3 Be4 13. a4 g5 14. a5 Nc8
15. d5 Bg7 16. Nd4 Nxd5 17. Bh5+ Kd8 18. Bg4 Bxd4 19. Bxd7 Nc7 20. Bf5
{Black resigns}
1-0

[Event "ICC tourney 1953 (60 10)"]
[Site "Internet Chess Club"]
[Date "2020.08.07"]
[Round "3"]
[White "Ajitesh20091"]
[Black "Rafael"]
[Result "1/2-1/2"]
[ICCResult "Game drawn because neither player has mating material"]
[WhiteElo "1880"]
[BlackElo "2188"]
[Opening "Robatsch defense: Geller's system"]
[ECO "B06"]
[NIC "KF.05"]
[Time "18:32:04"]
[TimeControl "3600+10"]

1. e4 g6 2. d4 Bg7 3. Nf3 d6 4. c3 Nd7 5. Bd3 Ngf6 6. O-O O-O 7. Re1 e5 8.
Be3 h6 9. Qc2 c6 10. Nbd2 Qc7 11. Nc4 b5 12. Na3 a6 13. Rad1 c5 14. b3 Bb7
15. d5 Rfe8 16. Bf1 Nf8 17. Be2 Kh7 18. h3 Bc8 19. Bd3 Bd7 20. Bf1 Qc8 21.
Be2 Nh5 22. b4 c4 23. Nb1 Nf4 24. Bxf4 exf4 25. a4 f5 26. exf5 Bxf5 27. Qd2
g5 28. Nd4 Bg6 29. Na3 bxa4 30. Nxc4 Qc7 31. Ra1 f3 32. Nxf3 Rac8 33. Rxa4
Rxe2 34. Qxe2 Qxc4 35. Qxc4 Rxc4 36. Rxa6 Rxc3 37. Rxd6 Rb3 38. Rb6 Kg8 39.
d6 Rd3 40. Re7 Bf6 41. Re3 Rd1+ 42. Re1 Rd5 43. g4 h5 44. Kg2 hxg4 45. hxg4
Bf7 46. b5 Nd7 47. Rc6 Rxb5 48. Rc7 Nf8 49. Rc8 Rd5 50. Rc6 Ne6 51. d7 Nf4+
52. Kh2 Kg7 53. Ne5 Be6 54. Rc7 Kh6 55. Rc6 Kh7 56. Rc7 Kh6 57. Rc6 Rd2 58.
Rxe6 Nxe6 59. Nc4 Rxd7 60. Rxe6 Kg7 61. Ne3 Kf7 62. Re4 Rd2 63. Kg2 Bd4 64.
Kg3 Kf6 65. Nd5+ Kf7 66. Re7+ Kf8 67. Kf3 Rxf2+ 68. Ke4 Bb2 69. Rb7 Bc1 70.
Rc7 Bf4 71. Nxf4 Rxf4+ 72. Ke5 Rf1 73. Ke4 Rf4+ 74. Ke5 Rxg4 75. Kf6 Ke8 76.
Rg7 Rg1 77. Rxg5 Rxg5 78. Kxg5
{Game drawn because neither player has mating material}
1/2-1/2

[Event "ICC tourney 1953 (60 10)"]
[Site "Internet Chess Club"]
[Date "2020.08.07"]
[Round "3"]
[White "milindm"]
[Black "tigeriz"]
[Result "1/2-1/2"]
[ICCResult "Game drawn by mutual agreement"]
[WhiteElo "2227"]
[BlackElo "2390"]
[Opening "Nimzo-Indian: classical, Noa variation"]
[ECO "E34"]
[NIC "NI.23"]
[Time "18:30:56"]
[TimeControl "3600+10"]

1. d4 Nf6 2. c4 e6 3. Nc3 Bb4 4. Qc2 d5 5. cxd5 Qxd5 6. e3 c5 7. Bd2 Bxc3 8.
Bxc3 cxd4 9. Bxd4 Nc6 10. Bc3 O-O 11. Nf3 Rd8 12. Be2 Qe4 13. Rc1 Qxc2 14.
Rxc2 Nd5 15. O-O Nxc3 16. Rxc3 Bd7 17. Rd1 Be8 18. h3 Rxd1+ 19. Bxd1 Rd8 20.
Be2 Kf8 21. a3 f6 22. Bd3 e5 23. Bc2 Ne7 24. Be4 Bc6 25. Bxc6 Nxc6
{Game drawn by mutual agreement}
1/2-1/2

[Event "ICC tourney 1953 (60 10)"]
[Site "Internet Chess Club"]
[Date "2020.08.07"]
[Round "3"]
[White "TjkTiger"]
[Black "joebobpop"]
[Result "1-0"]
[ICCResult "Black resigns"]
[WhiteElo "2587"]
[BlackElo "2256"]
[Opening "QGD: semi-Slav, Marshall gambit"]
[ECO "D31"]
[NIC "SL.06"]
[Time "18:31:43"]
[TimeControl "3600+10"]

1. c4 e6 2. Nc3 d5 3. d4 c6 4. e4 dxe4 5. Nxe4 c5 6. Nxc5 Nc6 7. Nf3 Nxd4 8.
Qxd4 Qxd4 9. Nxd4 Bxc5 10. Nb5 Ke7 11. Nc7 Rb8 12. Bf4 Bb4+ 13. Kd1 Bd6 14.
Bxd6+ Kxd6 15. Nb5+ Kc5 16. Nxa7 Nf6 17. Nxc8 Rd8+ 18. Kc2 Rbxc8 19. Re1 Rd7
20. Be2 Ne4 21. f3 Nd6 22. Rd1 Rcd8 23. Kc3 Nf5 24. b4+ Kc6 25. Rxd7 Rxd7
26. Bd3 Ne3 27. g3 g6 28. Re1 Nf5 29. Re5 b6 30. Be4+ Kc7 31. Bxf5 gxf5 32.
g4 fxg4 33. fxg4 Rd1 34. Rh5 Rg1 35. Rxh7 Rxg4 36. Rxf7+ Kd6 37. b5 Rg2 38.
a4 Rxh2 39. Rb7 Rh3+ 40. Kb4 e5 41. Rxb6+ Kd7 42. a5 e4 43. a6 e3 44. Rb7+
Ke6 45. Rb8 Rh7 46. Re8+ Re7 47. Rxe7+ Kxe7 48. Kc3 {Black resigns} 1-0

[Event "ICC tourney 1953 (60 10)"]
[Site "Internet Chess Club"]
[Date "2020.08.07"]
[Round "3"]
[White "superind"]
[Black "Redbaron"]
[Result "1-0"]
[ICCResult "Black resigns"]
[WhiteElo "2559"]
[BlackElo "2305"]
[Opening "Sicilian: Najdorf, Byrne (English) attack"]
[ECO "B90"]
[NIC "SI.14"]
[Time "18:31:01"]
[TimeControl "3600+10"]

1. e4 c5 2. Nf3 d6 3. d4 cxd4 4. Nxd4 Nf6 5. Nc3 a6 6. Be3 e5 7. Nb3 Be6 8.
f3 h5 9. Qd2 Nbd7 10. O-O-O Be7 11. Kb1 b5 12. g3 O-O 13. Nd5 Bxd5 14. exd5
Nb6 15. Na5 Nfxd5 16. Nc6 Qc7 17. Nxe7+ Qxe7 18. Bf2 Rfd8 19. a4 Rac8 20. a5
Nc3+ 21. bxc3 Na4 22. Be1 Nxc3+ 23. Qxc3 Rxc3 24. Bxc3 d5 25. Bh3 d4 26. Bb2
Qc7 27. Rhe1 f6 28. Bf5 b4 29. f4 Qxa5 30. fxe5 fxe5 31. Re4 Kf7 32. Rf1 Ke7
33. Bg6 Rf8 34. Rxf8 Kxf8 35. Bxd4 b3 36. cxb3 Qd5 37. Rxe5 Qxb3+ 38. Bb2
Qd1+ 39. Ka2 Qa4+ 40. Ba3+ {Black resigns} 1-0

[Event "ICC tourney 1953 (60 10)"]
[Site "Internet Chess Club"]
[Date "2020.08.07"]
[Round "3"]
[White "Segev"]
[Black "espark"]
[Result "0-1"]
[ICCResult "White resigns"]
[WhiteElo "2143"]
[BlackElo "2308"]
[Opening "Queen's Indian accelerated"]
[ECO "E12"]
[NIC "QP.07"]
[Time "18:31:13"]
[TimeControl "3600+10"]

1. d4 Nf6 2. c4 b6 3. Nf3 Bb7 4. Nc3 e6 5. a3 Be7 6. Qc2 d5 7. cxd5 Nxd5 8.
e4 Nxc3 9. bxc3 O-O 10. Bd3 c5 11. O-O Nc6 12. Bb2 Rc8 13. Qe2 Qc7 14. Qe3
Rfd8 15. Rac1 a6 16. a4 Na5 17. Nd2 Qd7 18. Ra1 cxd4 19. cxd4 Bb4 20. e5
Bxd2 21. Qxd2 Nb3 22. Bxh7+ Kh8 23. Qd3 Qd5 24. f3 Nxa1 25. Be4 Qb3 26. Qd2
Bxe4 27. fxe4 Nc2 28. Rf3 Qxb2 29. Qg5 Qxd4+ 30. Kf1 Qd1+ 31. Kf2 Qd2+
{White resigns}
0-1

[Event "ICC tourney 1953 (60 10)"]
[Site "Internet Chess Club"]
[Date "2020.08.07"]
[Round "3"]
[White "lmperatorX"]
[Black "tedchen"]
[Result "0-1"]
[ICCResult "White resigns"]
[WhiteElo "2111"]
[BlackElo "2310"]
[Opening "Sicilian: dragon, Yugoslav attack, Rauser variation"]
[ECO "B76"]
[NIC "SI.17"]
[Time "18:31:09"]
[TimeControl "3600+10"]

1. e4 c5 2. Nf3 d6 3. d4 cxd4 4. Nxd4 Nf6 5. Nc3 g6 6. Be3 Bg7 7. f3 O-O 8.
Qd2 Nc6 9. O-O-O d5 10. Qe1 e5 11. Nxc6 bxc6 12. exd5 Nxd5 13. Bc4 Be6 14.
Kb1 a5 15. Ne4 Qc7 16. Bc5 Rfd8 17. g4 h6 18. Rg1 Rab8 19. a4 Nf4 20. Bxe6
Nxe6 21. Bd6 Rxd6 22. Rxd6 Nc5 23. Rd1 Nxa4 24. b3 Nb6 25. Qxa5 Ra8 26. Qc3
Qa7 27. Qb2 Bf8 28. c3 Nd5 29. Rge1 Bg7 30. c4 Nf4 31. Rd2 f5 32. gxf5 gxf5
33. Nd6 e4 34. Rg1 Qxg1+ {White resigns} 0-1

[Event "ICC tourney 1953 (60 10)"]
[Site "Internet Chess Club"]
[Date "2020.08.07"]
[Round "3"]
[White "fredericton"]
[Black "GolddenPig"]
[Result "1-0"]
[ICCResult "Black resigns"]
[WhiteElo "2215"]
[BlackElo "1822"]
[Opening "Ruy Lopez: Morphy defense"]
[ECO "C77"]
[NIC "RL.12"]
[Time "18:30:59"]
[TimeControl "3600+10"]

1. e4 e5 2. Nf3 Nc6 3. Bb5 a6 4. Ba4 Nf6 5. d4 exd4 6. O-O Be7 7. e5 Nd5 8.
Re1 O-O 9. Nxd4 Nb6 10. Bb3 d6 11. Nxc6 bxc6 12. Bf4 d5 13. c3 Bf5 14. Nd2
Bg5 15. Bg3 Re8 16. Nf3 Be7 17. Nd4 Bd7 18. Bc2 c5 19. Nf5 Qc8 20. Nxe7+
Rxe7 21. Bh4 Re8 22. Qh5 h6 23. Bf6 gxf6 24. Qxh6 f5 25. Re3 Re6 26. Rg3+
Rg6 27. Rxg6+ fxg6 28. Qxg6+ Kf8 29. Qf6+ Ke8 30. e6 Bxe6 31. Re1
{Black resigns}
1-0

[Event "ICC tourney 1953 (60 10)"]
[Site "Internet Chess Club"]
[Date "2020.08.07"]
[Round "3"]
[White "Murzin"]
[Black "Dking135799"]
[Result "1-0"]
[ICCResult "Black resigns"]
[WhiteElo "2531"]
[BlackElo "2207"]
[Opening "Ruy Lopez: closed defense"]
[ECO "C84"]
[NIC "RL.13"]
[Time "18:31:44"]
[TimeControl "3600+10"]

1. e4 e5 2. Nf3 Nc6 3. Bb5 a6 4. Ba4 Nf6 5. O-O Be7 6. d3 b5 7. Bb3 d6 8. a3
O-O 9. Nc3 Rb8 10. h3 a5 11. Be3 Bd7 12. Nd2 a4 13. Ba2 Nd4 14. Ne2 c5 15.
Ng3 Be6 16. c3 Bxa2 17. Rxa2 Ne6 18. f4 exf4 19. Bxf4 Nd7 20. Nf5 Ne5 21.
Bxe5 dxe5 22. Nf3 Bf6 23. Qd2 Rb7 24. Raa1 Rd7 25. Rad1 c4 26. d4 Nc5 27.
Qe2 Nd3 28. d5 Bg5 29. Rxd3 cxd3 30. Qxd3 Re8 31. Qxb5 Bf4 32. g3 g6 33.
gxf4 gxf5 34. Nxe5 Rd6 35. Kh2 fxe4 36. Rg1+ Kf8 37. Qb4 Qe7 38. Qxe4 f6 39.
Qg2 {Black resigns} 1-0

[Event "ICC tourney 1953 (60 10)"]
[Site "Internet Chess Club"]
[Date "2020.08.07"]
[Round "3"]
[White "JasonModer"]
[Black "Bo002"]
[Result "1-0"]
[ICCResult "Black resigns"]
[WhiteElo "2429"]
[BlackElo "2207"]
[Opening "Queen's Indian: Petrosian system"]
[ECO "E12"]
[NIC "QI.04"]
[Time "18:30:53"]
[TimeControl "3600+10"]

1. d4 Nf6 2. c4 e6 3. Nf3 b6 4. a3 Bb7 5. Nc3 d5 6. Bf4 Be7 7. e3 O-O 8.
cxd5 Nxd5 9. Nxd5 Bxd5 10. Bd3 c5 11. dxc5 Nd7 12. c6 Bxc6 13. Bxh7+ Kxh7
14. Qc2+ Kg8 15. Qxc6 Nc5 16. O-O Rc8 17. Qb5 Qd3 18. Qb4 Rfd8 19. Be5 Qe4
20. Bd4 Qb7 21. Rad1 Rd5 22. Qb5 Ne4 23. Qd3 Nc5 24. Qb1 Nb3 25. Be5 Rcd8
26. Qe4 Nc5 27. Qg4 f6 28. Rxd5 Qxd5 29. Bd4 Ne4 30. Nh4 Bc5 31. Ng6 Qf5 32.
Qxf5 exf5 33. Bxc5 Nxc5 34. b4 Ne4 35. Ne7+ Kf7 36. Nxf5 Rd3 37. f3 Ng5 38.
h4 Ne6 39. Kf2 Rd2+ 40. Kg3 g6 41. Nh6+ Kg7 42. Ng4 Rd3 43. e4 Nd4 44. Ra1
f5 45. exf5 gxf5 46. Ne5 Rd2 47. Nc4 Rd3 48. Ra2 Nb5 49. a4 Nc3 50. Ra3 Ne2+
51. Kf2 Nf4 52. b5 Rd4 53. Ne5 Nd5 54. Rd3 Rxd3 55. Nxd3 f4 56. g3 fxg3+ 57.
Kxg3 Nc3 58. Nb2 Kg6 59. Kg4 Nd5 60. Nd1 Nf6+ 61. Kf4 Kh5 62. Ke5 Nd7+ 63.
Kd6 Nc5 64. Nc3 Kxh4 65. Kc6 Kg3 66. Ne4+ Nxe4 67. fxe4 Kf4 68. Kb7 Kxe4 69.
Kxa7 {Black resigns} 1-0

[Event "ICC tourney 1953 (60 10)"]
[Site "Internet Chess Club"]
[Date "2020.08.07"]
[Round "3"]
[White "dopolian"]
[Black "woodychess"]
[Result "1/2-1/2"]
[ICCResult "Game drawn by mutual agreement"]
[WhiteElo "2346"]
[BlackElo "2207"]
[Opening "Sicilian: Najdorf, Zagreb (fianchetto) variation"]
[ECO "B91"]
[NIC "SI.14"]
[Time "18:30:50"]
[TimeControl "3600+10"]

1. e4 c5 2. Nf3 d6 3. d4 cxd4 4. Nxd4 Nf6 5. Nc3 a6 6. g3 e5 7. Nde2 Be6 8.
Bg2 Be7 9. O-O O-O 10. h3 h5 11. Be3 Nbd7 12. a4 Rc8 13. f4 Qc7 14. b3 Nb8
15. a5 Nc6 16. Bb6 Qb8 17. f5 Bd7 18. Nd5 Bd8 19. c4 Nxd5 20. exd5 Ne7 21.
Be4 Bxb6+ 22. axb6 Rc5 23. Qc1 Qc8 24. f6 Ng6 25. Qg5 Bxh3 26. Bxg6 fxg6 27.
Qxg6 Qg4 28. f7+ Kh8 29. Qxd6 Rcc8 30. Rf2 Rxf7 31. Rxf7 Qxe2 32. Rf2 Qe3
33. Qg6 Rf8 34. Ra2 Rxf2 35. Rxf2 Qe1+ 36. Kh2 Qxf2+ 37. Kxh3 Qf1+ 38. Kh4
Qh1+ 39. Kg5 Qc1+ 40. Kxh5 Qh1+ 41. Kg4 Qd1+ 42. Kf5 Qc2+ 43. Kg5 Qc1+ 44.
Kh4 Qh1+ 45. Kg4 Qd1+ 46. Kh4 {Game drawn by mutual agreement} 1/2-1/2

[Event "ICC tourney 1953 (60 10)"]
[Site "Internet Chess Club"]
[Date "2020.08.07"]
[Round "3"]
[White "Aryangambit"]
[Black "JosephLevine"]
[Result "0-1"]
[ICCResult "White resigns"]
[WhiteElo "2070"]
[BlackElo "2192"]
[Opening "French: Schlechter variation"]
[ECO "C01"]
[NIC "FR.01"]
[Time "18:30:55"]
[TimeControl "3600+10"]

1. e4 e6 2. d4 d5 3. Bd3 dxe4 4. Bxe4 Nf6 5. Bf3 c5 6. Ne2 Nc6 7. Be3 Nxd4
8. Nxd4 cxd4 9. Qxd4 Qxd4 10. Bxd4 Be7 11. Nc3 O-O 12. O-O-O Rd8 13. Rhe1
Kf8 14. a4 a6 15. a5 Ke8 16. Na4 Bb4 17. Bb6 Rxd1+ 18. Rxd1 Bd7 19. Rd4 Bxa4
20. Bxb7 Rb8 21. Rxb4 Rxb7 22. Rxa4 Nd5 23. Bd4 g6 24. g3 Kd7 25. c4 Nb4 26.
Bb6 Nd3+ 27. Kc2 Ne1+ 28. Kc3 Kc6 29. b4 Rd7 30. Ra1 Rd3+ 31. Kb2 Nf3 32.
Ra3 Rxa3 33. Kxa3 Nd2 34. c5 Kb5 35. Bc7 Nf3 36. Bd6 Nxh2 37. Kb3 Ng4 38. f3
Nh2 39. f4 Nf1 40. g4 Ne3 41. g5 Nd5 42. Be5 Nxb4 43. Bd6 Nc6 44. Kc3 Nxa5
45. Kd4 Nc6+ 46. Kc3 a5 47. Kb3 a4+ 48. Ka3 Na5 49. Be7 Nb7 {White resigns}
0-1

[Event "ICC tourney 1953 (60 10)"]
[Site "Internet Chess Club"]
[Date "2020.08.07"]
[Round "3"]
[White "RajeshCS"]
[Black "KRIPRI"]
[Result "1-0"]
[ICCResult "Black resigns"]
[WhiteElo "2374"]
[BlackElo "2195"]
[Opening "English: Bremen system, Keres variation"]
[ECO "A23"]
[NIC "EO.12"]
[Time "18:30:49"]
[TimeControl "3600+10"]

1. c4 e5 2. Nc3 Nf6 3. g3 c6 4. Bg2 d5 5. cxd5 cxd5 6. d3 Nc6 7. Bg5 d4 8.
Nd5 Be7 9. Nxe7 Qxe7 10. Nf3 h6 11. Bd2 O-O 12. O-O Be6 13. b4 a6 14. a4 Qd6
15. Qb1 Nd5 16. b5 axb5 17. Qxb5 Qd7 18. Rfc1 Rfc8 19. Rab1 Rc7 20. Nxe5
Nxe5 21. Rxc7 Qxc7 22. Bxd5 Bxd5 23. Qxd5 Rxa4 24. Bf4 Ra5 25. Qxd4 g5 26.
Bxe5 Rxe5 27. Rxb7 Qc1+ 28. Kg2 Rxe2 29. Qf6 {Black resigns} 1-0